 Dungeon Crawl Stone Soup version 0.31-a0-700-gf13585253f (webtiles) character file.

Game seed: 16876361949166335617

17131 randomguy2701 the Severer (level 12, -2/110 HPs)
             Began as a Hill Orc Fighter on Sept 8, 2023.
             Was a Believer of Beogh.
             Slain by a skyshark (9 damage)
             ... on level 2 of the Lair of Beasts.
             The game lasted 00:22:24 (16142 turns).

randomguy2701 the Severer (Hill Orc Fighter)       Turns: 16142, Time: 00:22:24

Health: -2/110     AC: 19    Str: 22    XL:     12   Next: 44%
Magic:  16/16      EV:  8    Int:  8    God:    Beogh [**....]
Gold:   652        SH: 10    Dex: 12    Spells: 11/11 levels left

rFire   . . .        K - +1 war axe (pain)
rCold   . . .        c - +0 buckler
rNeg    . . .        A - +0 plate armour
rPois   +            J - +0 helmet
rElec   .            d - scarf {repulsion}
rCorr   +            j - +2 pair of gloves
SInv    .            (no boots)
Will    .....        b - amulet of reflection Stlth
                     h - ring of poison resistance
HPRegen 0.38/turn    x - ring of resist corrosion
MPRegen 0.15/turn

%: repel missiles, reflection
@: no status effects
A: no striking features
a: Renounce Religion, Smiting


You were on level 2 of the Lair of Beasts.
You worshipped Beogh.
Beogh was pleased with you.
You visited 2 branches of the dungeon, and saw 11 of its levels.
You also visited: Sewer.

You collected 652 gold pieces.

Inventory:

Hand Weapons
 a - a +0 war axe
 K - a +1 war axe of pain (weapon)
Missiles
 v - 3 throwing nets
Armour
 c - a +0 buckler (worn)
 d - a scarf of repulsion (worn)
 j - a +2 pair of gloves (worn)
 A - a +0 plate armour (worn)
 J - a +0 helmet (worn)
Jewellery
 b - an amulet of reflection (around neck)
 h - a ring of poison resistance (left hand)
 w - an amulet of faith
 x - a ring of resist corrosion (right hand)
 y - a ring of ice
 I - a ring of positive energy
 P - a ring of protection from fire
Wands
 t - a wand of polymorph (15)
 D - a wand of flame (15)
 E - a wand of digging (10)
 F - a wand of charming (8)
 H - a wand of roots (18)
Scrolls
 e - 2 scrolls of blinking
 g - 3 scrolls of enchant armour
 k - 4 scrolls of identify
 m - 2 scrolls of teleportation {unknown}
 o - a scroll of silence {unknown}
 p - 2 scrolls of fog {unknown}
 r - 2 scrolls of noise {unknown}
 s - 2 scrolls of brand weapon {unknown}
 u - 4 scrolls of amnesia {unknown}
 z - 2 scrolls of immolation
 B - a scroll of summoning {unknown}
 C - a scroll of vulnerability {unknown}
 G - a scroll of enchant weapon {unknown}
 N - a scroll of poison {unknown}
 Q - a scroll of fear {unknown}
Potions
 f - 7 potions of curing
 i - 2 potions of cancellation
 l - 2 potions of brilliance
 n - 2 potions of attraction
 q - 2 potions of resistance
 L - a potion of heal wounds {unknown}
 M - a potion of invisibility {unknown}
 O - 2 potions of degeneration {unknown}


   Skills:
 + Level 11.6 Fighting
 + Level 15.9 Axes
 + Level 10.8 Armour
 + Level 4.2 Dodging
 + Level 1.3 Stealth
 + Level 7.0 Shields
 * Level 5.4 Invocations
 + Level 0.3 Evocations


You had 11 spell levels left.
You didn't know any spells.
Your spell library contained the following spells:

 Spells                   Type           Power      Damage    Failure   Level
 Sandblast                Erth           0%         2d4       100%        1
 Slow                     Hex            0%         N/A       100%        1
 Passwall                 Tmut/Erth      0%         N/A       100%        2
 Confusing Touch          Hex            0%         N/A       100%        3
 Frozen Ramparts          Ice            0%         1d1       100%        3
 Sigil of Binding         Hex            0%         N/A       100%        3
 Stone Arrow              Conj/Erth      0%         3d7       100%        3
 Vampiric Draining        Necr           0%         2d6       100%        3
 Animate Dead             Necr           0%         N/A       100%        4
 Petrify                  Tmut/Erth      0%         N/A       100%        4
 Metabolic Englaciation   Hex/Ice        0%         N/A       100%        5
 Haunt                    Necr/Summ      0%         N/A       100%        7
 Malign Gateway           Summ/Tloc      0%         N/A       100%        7
 Infestation              Necr           0%         N/A       100%        8
 Summon Horrible Things   Summ           0%         N/A       100%        8


Dungeon Overview and Level Annotations

Branches:
Dungeon (9/15)             Temple (0/1) D:4            Lair (2/5) D:8
    Orc (0/2) D:9           Sewer (visited)
  Swamp: Lair:2-3    Shoals: Lair:2-3     Snake: Lair:2-3    Spider: Lair:2-3

Altars:
Ashenzari
Dithmenos
Elyvilon
Fedhas
Gozag
Hepliaklqana
Nemelex Xobeh
Qazlal
Xom
Yredelemnul
The Shining One
Beogh

Shops:
D:4 *


Message History

Unknown command.
You hit the skyshark but do no damage.
The skyshark is heavily wounded.
You barely miss the water moccasin. You hit the plant.
A nearby plant withers and dies.
The water moccasin barely misses you. The skyshark bites you!
The skyshark tail-slaps you! You block the skyshark's attack.
You hit the skyshark.
The skyshark is heavily wounded.
You hit the water moccasin but do no damage.
The skyshark bites you but does no damage.
The skyshark tail-slaps you. The skyshark barely misses you.
The water moccasin barely misses you.
You slice the skyshark!!
The skyshark is severely wounded.
You slash the water moccasin! You block the skyshark's attack.
The skyshark tail-slaps you but does no damage. x2
You block the water moccasin's attack.
You slice the skyshark!!
The skyshark is almost dead.
You barely miss the water moccasin. The skyshark bites you.
You block the skyshark's attack. The skyshark closely misses you.
The water moccasin bites you!
You hit the skyshark but do no damage.
The skyshark is almost dead.
You miss the water moccasin. The skyshark completely misses you.
The skyshark tail-slaps you but does no damage.
The skyshark tail-slaps you.
* * * LOW HITPOINT WARNING * * *
You block the water moccasin's attack.
You hit the skyshark.
The skyshark is almost dead.
You barely miss the water moccasin. The skyshark bites you!
* * * LOW HITPOINT WARNING * * *
The skyshark tail-slaps you but does no damage.
You block the skyshark's attack. You block the water moccasin's attack.
The skyshark bites you!
* * * LOW HITPOINT WARNING * * *
The skyshark tail-slaps you!
You die...

..........(##
#...##.....# #. .#
#...##.....## .###.#
....##......# .....#
....##.....P# .....
#...##.....## ##.#.#
#.####.....### #...#
#####......#.###.l###.##
................@S.....#
...............(.......#
......................##
......................#
##.#P.#......#.....#..P#
...###........#P.PP....#
.P..P##...........P...##
......#...........##...
...P##.......#.


You could see a skyshark (berserk) and a water moccasin.

Vanquished Creatures
  Erica (D:8)
  2 black mambas (Lair:2)
  8 elephants
  A torpor snail (Lair:2)
  7 cane toads
  Maggie (D:8)
  2 komodo dragons
  2 hornets
  6 dream sheep (Lair:2)
  A vampire (D:9)
  5 wyverns
  22 yaks
  A basilisk (Lair:1)
  3 steam dragons
  5 water moccasins
  An acid dragon (D:8)
  An orc warrior (D:8)
  An ice beast (D:8)
  A sky beast (D:7)
  4 black bears
  2 centaurs
  A kobold brigand (D:9)
  Blork the orc (D:5)
  10 bullfrogs
  A scorpion (D:8)
  8 wights
  6 killer bees (D:8)
  2 electric eels (D:7)
  3 howler monkeys (D:8)
  5 hounds
  2 jellies
  2 gnoll boudas
  An orc priest (D:9)
  2 sleepcaps
  Jessica (D:2)
  5 iguanas (D:7)
  7 orc wizards
  11 gnolls
  12 adders
  5 river rats (D:4)
  An ufetubus (D:7)
  5 worms
  3 dart slugs
  28 orcs
  12 ball pythons
  19 endoplasms
  13 giant cockroaches
  6 goblins
  9 hobgoblins
  17 kobolds
  8 quokkas
  6 bats
  9 frilled lizards
  7 rats
305 creatures vanquished.

Notes
Turn   | Place    | Note
-------+----------+-------------------------------------------
     0 | D:1      | randomguy2701 the Hill Orc Fighter began the quest for the
                  | Orb.
     0 | D:1      | Reached XP level 1. HP: 19/19 MP: 1/1
   123 | D:1      | Reached XP level 2. HP: 19/27 MP: 2/2
   425 | D:1      | Reached XP level 3. HP: 31/33 MP: 3/3
   732 | D:2      | Reached skill level 3 in Axes
   897 | D:2      | Noticed Jessica
   902 | D:2      | Killed Jessica
   903 | D:2      | Reached XP level 4. HP: 18/41 MP: 4/4
  1466 | D:3      | Reached skill level 4 in Axes
  1491 | D:3      | Found a sparkling altar of Nemelex Xobeh.
  1492 | D:3      | Found a broken altar of Ashenzari.
  1493 | D:3      | Found a glowing golden altar of the Shining One.
  1546 | D:3      | Found a faded altar of an unknown god.
  1613 | D:3      | Found a shadowy altar of Dithmenos.
  1705 | D:3      | Found an opulent altar of Gozag.
  1893 | D:3      | Reached skill level 1 in Dodging
  1893 | D:3      | Reached XP level 5. HP: 47/47 MP: 5/5
  2281 | D:4      | Reached skill level 5 in Axes
  2351 | D:4      | Found a staircase to the Ecumenical Temple.
  2437 | D:4      | Found Vehuys Uskob's General Store.
  2492 | D:4      | Reached XP level 6. HP: 27/53 MP: 6/6
  2702 | D:4      | Found a glowing drain.
  2710 | Sewer    | Entered a sewer
  2974 | Sewer    | Reached skill level 6 in Axes
  3130 | Sewer    | Reached XP level 7. HP: 19/60 MP: 7/7
  3580 | D:4      | Found a basalt altar of Yredelemnul.
  3580 | D:4      | Found a blossoming altar of Fedhas.
  3662 | D:4      | Reached skill level 7 in Axes
  3747 | D:5      | Entered Level 5 of the Dungeon
  3891 | D:5      | Reached skill level 5 in Fighting
  4376 | D:5      | Noticed Blork the orc
  4383 | D:5      | Killed Blork the orc
  4384 | D:5      | Reached skill level 5 in Armour
  4511 | D:5      | Found a white marble altar of Elyvilon.
  4551 | D:5      | Found a hazy altar of Hepliaklqana.
  4552 | D:5      | Found a shimmering altar of Xom.
  4553 | D:5      | Noticed a spectral ugly thing
  4780 | D:5      | Reached skill level 8 in Axes
  4781 | D:5      | Reached XP level 8. HP: 67/70 MP: 8/8
  6015 | D:7      | Noticed a yak
  6015 | D:7      | Noticed a yak
  6015 | D:7      | Noticed a yak
  6015 | D:7      | Noticed a yak
  6015 | D:7      | Noticed a yak
  6027 | D:6      | Killed a yak
  6028 | D:6      | Reached skill level 9 in Axes
  6028 | D:6      | Killed a yak
  6166 | D:6      | Killed a yak
  6173 | D:6      | Killed a yak
  6737 | D:6      | Killed a yak
  6738 | D:6      | Reached skill level 10 in Axes
  6738 | D:6      | Reached XP level 9. HP: 37/78 MP: 9/9
  7407 | D:7      | Reached skill level 11 in Axes
  7643 | D:7      | Found a stormy altar of Qazlal.
  8740 | D:8      | Reached skill level 12 in Axes
  8740 | D:8      | Reached XP level 10. HP: 82/88 MP: 10/10
  8865 | D:8      | Noticed Erica
  9185 | D:8      | Noticed Maggie
  9189 | D:8      | Reached skill level 1 in Stealth
  9200 | D:8      | Killed Maggie
  9317 | D:8      | Found a staircase to the Lair.
  9508 | D:8      | HP: 4/135 [Erica/+3 scimitar of flaming (5)]
  9508 | D:8      | HP: 1/135 [Erica/+3 scimitar of flaming (3)]
  9510 | D:8      | Killed Erica
  9511 | D:8      | Reached skill level 5 in Shields
  9998 | D:8      | Reached skill level 13 in Axes
 10819 | D:9      | HP: 4/91 [something (5)]
 11140 | Lair:1   | Entered Level 1 of the Lair of Beasts
 11140 | Lair:1   | Noticed a cane toad
 11147 | Lair:1   | Killed a cane toad
 11206 | Lair:1   | Noticed a cane toad
 11603 | D:9      | Reached XP level 11. HP: 87/97 MP: 11/11
 11682 | D:9      | Reached skill level 14 in Axes
 11711 | D:9      | Found a staircase to the Orcish Mines.
 11717 | D:9      | Found a roughly hewn altar of Beogh.
 11718 | D:9      | Became a worshipper of Beogh the Brigand
 12038 | D:9      | Paralysed by a hornet for 1 turns
 12505 | D:8      | Reached skill level 10 in Fighting
 12814 | Lair:1   | Reached * piety under Beogh
 13157 | Lair:1   | Reached skill level 15 in Axes
 13933 | Lair:1   | Reached skill level 1 in Invocations
 14627 | Lair:2   | Reached XP level 12. HP: 80/110 MP: 14/14
 14639 | Lair:2   | Reached skill level 10 in Armour
 15421 | Lair:2   | Reached ** piety under Beogh
 15801 | Lair:2   | Reached skill level 5 in Invocations
 16129 | Lair:2   | Noticed a skyshark
 16142 | Lair:2   | Slain by a skyshark

Illustrated notes

Levels and vault maps discovered:
D:1:      psy_arrival_spokes, layout_basic
D:2:      layout_basic, minmay_misc_feat_iff, uniq_jessica
D:3:      layout_basic, chequers_temple_overflow_statue_of_worship,
          grunt_gozag_statues, lemuel_crystal_altar,
          shapermc_ecumenical_altar_notcrosses
D:4:      layout_rooms, gammafunk_temple_overflow_wave,
          minmay_temple_entry_drinking_statues, lightli_sewer_entry_pipes,
          nicolae_stop_n_shop_1
D:5:      layout_gridville, regret_index_temple_of_mockery,
          nicolae_elyvilon_temple_path, nrook_loot_triangle,
          cheibrodos_gnoll_hut, uniq_blork_the_orc
D:6:      layout_basic
D:7:      statuecave_lemuel, layout_basic, general_overflow_altar,
          grunt_ministairs_9
D:8:      layout_loops_corners, grunt_lair_entry_orc_guard_hut, uniq_erica,
          uniq_maggie
D:9:      layout_cave_pods, minmay_orc_entry_temple_small, nzn_life_drinkers
Lair:1:   layout_concentric_octagons
Lair:2:   layout_regular_city, serial_bayou_shore_b

Skill      XL: |  1  2  3  4  5  6  7  8  9 10 11 12 |
---------------+-------------------------------------+-----
Fighting       | 4 5 6 8 9 11 | 11.6
Axes           | 3 4 5 6 8 10 12 13 15 | 15.9
Armour         | 4 5 6 7 9 10 | 10.8
Dodging        | 1 2 3 4 |  4.2
Shields        | 4 5 6 7 |  7.0
Stealth        | 1 |  1.3
Invocations    | 3 5 |  5.4
Evocations     | |  0.3

Action                     |  1- 3 |  4- 6 |  7- 9 | 10-12 || total
---------------------------+-------+-------+-------+-------++-------
  Melee: War axe           |    72 |   339 |   306 |   554 ||  1271
 Invoke: Convert to Beogh  |       |       |       |     1 ||     1
  Evoke: Wand              |       |       |       |     2 ||     2
    Use: Potion            |       |       |     2 |     2 ||     4
         Scroll            |       |       |       |     8 ||     8
 Armour: Scale mail        |    61 |   242 |   229 |   174 ||   706
         Plate armour      |       |       |       |   333 ||   333
  Dodge: Dodged            |    28 |   167 |   150 |   166 ||   511
         Repelled          |       |       |     2 |     1 ||     3
  Block: Buckler           |    18 |    95 |    64 |   219 ||   396
         Reflection        |       |       |       |     4 ||     4

Table legend: (Time is in decaauts)
 A = Elapsed time spent in this place.
 B = Non-inter-level travel time spent in this place.
 C = Inter-level travel time spent in this place.
 D = Time resting spent in this place.
 E = Time spent auto-exploring this place.
 F = Levels seen in this place.
 G = Mean time per level.
                   A        B        C        D        E       F      G
               +--------+--------+--------+--------+--------+-----+--------+
         Total |  16362 |  15029 |   1333 |   1362 |  10962 |  12 | 1363.5 |
       Dungeon |  12647 |  11473 |   1174 |   1362 |   8256 |   9 | 1405.2 |
          Lair |   2988 |   2830 |    158 |      0 |   2314 |   2 | 1494.0 |
         Sewer |    726 |    726 |      0 |      0 |    391 |   1 |  726.0 |
               +--------+--------+--------+--------+--------+-----+--------+

Top non-repeatable levels by time:
     D:8: 2978 daAuts
     D:6: 1938 daAuts
     D:7: 1837 daAuts
  Lair:1: 1814 daAuts
     D:5: 1489 daAuts
  Lair:2: 1174 daAuts
     D:9: 1093 daAuts
     D:4: 1005 daAuts
     D:3: 803 daAuts
     D:2: 758 daAuts
     D:1: 743 daAuts
   Sewer: 726 daAuts
